 Dungeon Crawl Stone Soup version 0.30-a0-913-g9934a0ce24 (webtiles) character file.

Game seed: 9925919375472347503

9 Khashishi the Sneak (level 2, 0/14 HPs)
             Began as a Felid Delver on Mar 19, 2023.
             Was an Initiate of Wu Jian.
             Slain by an ufetubus (4 damage)
             ... on level 5 of the Dungeon.
             The game lasted 00:01:59 (218 turns).

Khashishi the Sneak (Felid Delver)                   Turns: 218, Time: 00:02:00

Health: 0/14       AC:  1    Str:  8    XL:     2   Next: 3%
Magic:  3/3        EV: 18    Int: 11    God:    Wu Jian [......]
Gold:   15         SH:  0    Dex: 17    Spells: 1/1 levels left
                                        Lives:  0   Deaths: 0

rFire   . . .      SeeInvis +      - Unarmed
rCold   . . .      Faith    .    (shield unavailable)
rNeg    . . .      Spirit   .    (body armour unavailable)
rPois   .          Reflect  .    (helmet unavailable)
rElec   .          Rampage  .    (cloak unavailable)
rCorr   .                        (gloves unavailable)
Will    .....                    (boots unavailable)
Stlth   ++++                     (no amulet)
HPRegen 0.22/turn                (no ring)
MPRegen 0.08/turn                (no ring)

@: hasted, very quick
A: very small, claws 1, fangs 3, see invisible, speed 1, shaggy fur 1, stealthy
paws, no weapons or thrown items, no armour, multi-lived
a: Renounce Religion


You were on level 5 of the Dungeon.
You worshipped Wu Jian.
Wu Jian was noncommittal.
You visited 2 branches of the dungeon, and saw 2 of its levels.

You collected 15 gold pieces.

Inventory:

Wands
 e - a wand of digging (3)
Scrolls
 a - a scroll of fog
 b - a scroll of magic mapping
 c - 2 scrolls of fear
 i - a scroll of brand weapon {unknown}
Potions
 f - 2 potions of curing
 g - a potion of heal wounds {unknown}
 h - a potion of berserk rage {unknown}


   Skills:
 - Level 3.0 Fighting
 + Level 3.1 Dodging
 + Level 6.8 Stealth
 + Level 2.2 Unarmed Combat


You had one spell level left.
You didn't know any spells.
Your spell library was empty.

Dungeon Overview and Level Annotations

Branches:
Dungeon (5/15)             Temple (1/1) D:5

Altars:
Ashenzari
Cheibriados
Fedhas
Hepliaklqana
Makhleb
Nemelex Xobeh
Okawaru
Qazlal
Sif Muna
Trog
Uskayaw
Wu Jian
Xom
Yredelemnul
Zin
The Shining One

Portals:
Sewer: D:5


Innate Abilities, Weirdness & Mutations

You have sharp claws.
You have razor-sharp teeth.
You have supernaturally acute eyesight. (SInv)
You cover ground quickly. (Speed+)
You are covered in fur. (AC +1)
Your paws help you pounce on unaware monsters.
You are incapable of wielding weapons or throwing items.
You cannot wear armour.
You gain extra lives every three experience levels.


Message History

Your Dodging skill increases to level 3!
You have reached level 2!
Found a plate armour.
An iguana comes into view.
The iguana hisses angrily.
You see here an adder corpse.
i - a scroll labelled OBBUTH UTOZOIL
Found 8 gold pieces.
You hear the rusting of a very distant drain.
Found 10 gold pieces.
A black bear comes into view.
You see here 8 gold pieces.
The iguana hisses angrily.
You see here a +0 scale mail.
Found a scroll of fear.
c - 2 scrolls of fear (gained 1)
A bat and an adder come into view.
Found a glowing drain.
A bat comes into view. 2 worms come into view.
Found 6 gold pieces.
The bat barely misses you.
Okay, then.
Okay, then.
Okay, then.
Unknown command.
The bat misses you.
An ufetubus comes into view.
The ufetubus shouts!
The bat barely misses you. The ufetubus barely misses you.
The ufetubus hits you.
You scratch the ufetubus but do no damage.
The ufetubus completely misses you. The ufetubus misses you.
You feel yourself speed up. The ufetubus completely misses you.
The ufetubus hits you.
* * * LOW HITPOINT WARNING * * *
You scratch the ufetubus.
The ufetubus is lightly wounded.
The ufetubus hits you.
You die...

########. ..........#
~~~~~ ........#.##~≈~~~
........#~~~.....~~w.
........#.~~~....~~..
..$...........∩..~~..
.......5#w~≈.....~≈.. #
.......@#b~~.....~~.S.##
........#.##~~~~~# b...#
#######.w.##~~~~≈##.....
##...............#
#.##......#......
#.##......#....#
.....##....#
.....####...##
...#......l..####


You could see a worm and an ufetubus.

Vanquished Creatures
  An adder (D:5)
1 creature vanquished.

Notes
Turn   | Place    | Note
-------+----------+-------------------------------------------
     0 | D:5      | Khashishi the Felid Delver began the quest for the Orb.
     0 | D:5      | Reached XP level 1. HP: 10/10 MP: 2/2
    14 | D:5      | Found a staircase to the Ecumenical Temple.
    21 | D:5      | Noticed a howler monkey
    28 | Temple   | Entered the Ecumenical Temple
    93 | Temple   | Became a worshipper of the Wu Jian Council
   136 | D:5      | Reached XP level 2. HP: 10/14 MP: 3/3
   171 | D:5      | Noticed a black bear
   202 | D:5      | Found a glowing drain.
   218 | D:5      | Slain by an ufetubus

Illustrated notes

Levels and vault maps discovered:
D:5:      layout_rooms, minmay_temple_entry_statues_fountains,
          cheibrodos_sewer_entry_sluice, kennysheep_generic_room_15,
          uniq_duvessa
Temple:   compressed_dpeg_triangle_lava_temple

Skill      XL: |  1 |
---------------+----+-----
Dodging        | 3 |  3.1
Fighting       | |  3.0
Stealth        | |  6.8
Unarmed Combat | |  2.2

Action                     || total
---------------------------++-------
  Melee: Unarmed           ||    12
         Punch             ||     1
         Bite              ||     1
    Use: Potion            ||     2
  Dodge: Dodged            ||    17

Table legend: (Time is in decaauts)
 A = Elapsed time spent in this place.
 B = Non-inter-level travel time spent in this place.
 C = Inter-level travel time spent in this place.
 D = Time resting spent in this place.
 E = Time spent auto-exploring this place.
 F = Levels seen in this place.
 G = Mean time per level.
                   A        B        C        D        E       F      G
               +--------+--------+--------+--------+--------+-----+--------+
         Total |    179 |    179 |      0 |      0 |      0 |   2 |   89.5 |
       Dungeon |    116 |    116 |      0 |      0 |      0 |   1 |  116.0 |
        Temple |     63 |     63 |      0 |      0 |      0 |   1 |   63.0 |
               +--------+--------+--------+--------+--------+-----+--------+

Top non-repeatable levels by time:
     D:5: 116 daAuts
  Temple: 63 daAuts
